 Dungeon Crawl Stone Soup version 0.31.0-32-g396128a36d (webtiles) character file.

Game seed: 16598353778270365775

149 imdaedric the Shield-Bearer (level 5, -23/47 HPs)
             Began as a Minotaur Fighter on Apr 13, 2024.
             Killed from afar by an oklob plant (27 damage)
             ... with a splash of acid
             ... created by the enmity of Fedhas Madash
             ... on level 3 of the Dungeon.
             The game lasted 00:04:14 (2057 turns).

imdaedric the Shield-Bearer (Minotaur Fighter)      Turns: 2057, Time: 00:04:15

Health: -23/47     AC:  8    Str: 22    XL:     5   Next: 9%
Magic:  0/4        EV:  8    Int:  5    God:
Gold:   175        SH:  0    Dex: 10    Spells: 4/4 levels left

rFire   . . .        a - +0 war axe
rCold   . . .        c - +0 buckler
rNeg    . . .        q - +0 chain mail
rPois   .            (helmet restricted)
rElec   .            i - +0 cloak
rCorr   .            (no gloves)
SInv    .            j - +0 pair of boots
Will    .....        m - amulet of guardian spirit Stlth
                     (no ring)
HPRegen 0.27/turn    (no ring)
MPRegen 0.09/turn

%: guardian spirit
@: confused, mighty, corroded
A: horns 2, retaliatory headbutt
a: no special abilities


You were on level 3 of the Dungeon.
You visited 1 branch of the dungeon, and saw 3 of its levels.

You collected 175 gold pieces.

Inventory:

Hand Weapons
 a - a +0 war axe (weapon)
Missiles
 l - 5 poisoned darts (quivered)
 n - 5 silver javelins
Armour
 c - a +0 buckler (worn)
 i - a +0 cloak (worn)
 j - a +0 pair of boots (worn)
 q - a +0 chain mail (worn)
Jewellery
 m - an amulet of guardian spirit (around neck)
Scrolls
 e - 2 scrolls of revelation
 f - a scroll of acquirement {unknown}
 g - a scroll of amnesia {unknown}
 r - a scroll of identify {unknown}
 t - a scroll of vulnerability {unknown}
Potions
 b - a potion of heal wounds {unknown}
 h - a potion of haste {unknown}
 k - a potion of magic {unknown}
 o - a potion of degeneration {unknown}
 p - a potion of ambrosia {unknown}
 s - a potion of lignification {unknown}


   Skills:
 + Level 4.5 Fighting
 + Level 3.6 Axes
 + Level 1.5 Throwing
 + Level 4.5 Armour
 + Level 4.5 Shields


You had 4 spell levels left.
You didn't know any spells.
Your spell library contained the following spells:

 Spells                   Type           Power      Damage    Failure   Level
 Blink                    Tloc           0%         N/A       99%         2
 Lesser Beckoning         Tloc           0%         N/A       99%         2
 Momentum Strike          Conj/Tloc      0%         3d8       99%         2
 Fugue of the Fallen      Necr           0%         N/A       100%        3
 Ozocubu's Armour         Ice            0%         N/A       100%        3
 Manifold Assault         Tloc           0%         N/A       100%        4


Dungeon Overview and Level Annotations

Branches:
Dungeon (3/15)

Altars:
Dithmenos
Fedhas

Shops:
D:1 !

Annotations:
D:3 exclusion: 2 oklob plants


Innate Abilities, Weirdness & Mutations

You have a pair of horns on your head.
You reflexively headbutt those who attack you in melee.


Message History

You hit the oklob plant but do no damage.
You headbutt the oklob plant.
The oklob plant is lightly damaged.
You completely miss the oklob plant. You hit the wandering mushroom.
You hit the oklob plant. You headbutt the oklob plant.
The oklob plant is moderately damaged.
You hit the wandering mushroom. You hit the oklob plant.
The oklob plant spits acid at you. The splash of acid hits you!
The wandering mushroom releases spores at you but does no damage.
You are too injured to fight recklessly!
You are too injured to fight recklessly!
You are too injured to fight recklessly!
You are too injured to fight recklessly!
You are too injured to fight recklessly!
You feel very mighty all of a sudden.
The wandering mushroom releases spores at you.
You are engulfed in a cloud of dizzying spores!
You hit the oklob plant but do no damage.
The oklob plant is lightly damaged.
You slash the wandering mushroom! You slash the oklob plant!
The oklob plant spits acid at you. The splash of acid hits you.
The wandering mushroom barely misses you.
You slash the oklob plant!
The oklob plant is moderately damaged.
You hit the wandering mushroom. You hit the oklob plant.
The oklob plant spits acid at you. The splash of acid hits you!!
* * * LOW HITPOINT WARNING * * *
The acid corrodes you!
You block the wandering mushroom's attack.
The wandering mushroom releases spores at you.
* * * LOW HITPOINT WARNING * * *
You are engulfed in a cloud of dizzying spores!
You are confused.
The oklob plant spits acid at you. The splash of acid hits you!!
Ouch! That really hurt!
You die...

.#####.#.......####.#..#
.............### #.##.#
........###.## #.# .#
...##††## #.# #.. .#
...[....###.#### #. .
...............#####...
.......#...###...f.....
.......#.#####.PP##
.......#.#.....#@.#
>...:..#...######f##
.........### #..#
##.####..# ##†# #.
......# ... ## .......#
#...# #.......# ##.#
#.......# ## #########


You could see 2 oklob plants and 2 wandering mushrooms.

Vanquished Creatures
  A bombardier beetle (D:3)
  Jessica (D:2)
  Terence (D:2)
  An adder (D:2)
  A ribbon worm (D:2)
  A dart slug (D:3)
  5 orcs (D:2)
  5 bats
  4 endoplasms
  A giant cockroach (D:1)
  5 hobgoblins
  2 jackals (D:2)
  7 kobolds
  A quokka (D:1)
  4 ball pythons
  2 frilled lizards
  7 goblins
  2 rats
51 creatures vanquished.

Notes
Turn   | Place    | Note
-------+----------+-------------------------------------------
     0 | D:1      | imdaedric the Minotaur Fighter began the quest for the Orb.
     0 | D:1      | Reached XP level 1. HP: 19/19 MP: 0/0
   268 | D:1      | Reached XP level 2. HP: 27/27 MP: 1/1
   269 | D:1      | Found Syptiupt's Distillery.
   958 | D:2      | Noticed Terence
   967 | D:2      | Killed Terence
   968 | D:2      | Reached XP level 3. HP: 26/33 MP: 2/2
  1207 | D:2      | Noticed Jessica
  1213 | D:2      | Killed Jessica
  1214 | D:2      | Reached skill level 1 in Throwing
  1214 | D:2      | Reached XP level 4. HP: 26/40 MP: 1/3
  1451 | D:2      | Found a shadowy altar of Dithmenos.
  1652 | D:2      | Found a faded altar of an unknown god.
  1664 | D:2      | Prayed at the altar of an unknown god.
  1664 | D:2      | Became a worshipper of Fedhas Madash
  1664 | D:2      | Reached * piety under Fedhas
  1665 | D:2      | Fell from the grace of Fedhas
  1805 | D:2      | Identified the +0 leather armour "Yloer" {Rampage rPois rF-
                  | Dex+4}
  1884 | D:3      | Found a shadowy altar of Dithmenos.
  1922 | D:3      | Reached XP level 5. HP: 9/47 MP: 0/4
  2053 | D:3      | Noticed a wandering mushroom
  2053 | D:3      | Noticed an oklob plant
  2053 | D:3      | Noticed a wandering mushroom
  2053 | D:3      | Noticed an oklob plant
  2057 | D:3      | Killed from afar by an oklob plant

Illustrated notes

Levels and vault maps discovered:
D:1:      sevenhm_arrival_forest_fort_large_3, layout_loops_ring, serial_shops,
          nicolae_shop_peninsula
D:2:      layout_basic, hellmonk_ecumenical_altar_defaced_shrine, basic_altar,
          guppyfry_early_orc_mine, uniq_terence, uniq_jessica
D:3:      layout_rooms, mainiacjoe_overflow_cross_hatched, minmay_joined_circles

Skill      XL: |  1  2  3 |
---------------+----------+-----
Fighting       | 4 |  4.5
Axes           | 3 |  3.6
Armour         | 4 |  4.5
Shields        | 4 |  4.5
Throwing       | 1 |  1.5

Action                     |  1- 3 |  4- 6 || total
---------------------------+-------+-------++-------
  Melee: War axe           |    59 |    47 ||   106
         Headbutt          |     2 |    10 ||    12
  Throw: Dart              |     8 |       ||     8
 Invoke: Renounce Religion |       |     1 ||     1
    Use: Scroll            |     1 |       ||     1
         Potion            |       |     1 ||     1
 Armour: Scale mail        |    31 |       ||    31
         Chain mail        |    10 |    33 ||    43
  Dodge: Dodged            |    25 |    15 ||    40
  Block: Buckler           |     6 |    10 ||    16
